cohdb
Replays
Latest Replays
All Replays
Popular Replays
Top Player Replays
Match Explorer
How It Works
Community
CoH3 Stats
Reddit
Sign in to upload your games and track your stats! →
Sign in with Steam
Match 38785262
Unlisted
Match 38785262
Overview
Messages
Build Orders
End
Kettenkrad Recon Vehicle
Pioneer Squad
Construct Infanterie Kompanie
MG 42 Machine Gun Team
GrW 34 Mortar Team
Grenadier Squad
Construct Luftwaffe Kompanie
221 Scout Car
Medical Bunker
Support Elements
Jäger Squad
Marder III M Tank Destroyer
Jäger Squad
Wirbelwind Flakpanzer
Pioneer Squad
Selects Breakthrough Battlegroup
Selects Breakthrough Battlegroup
Marder III M Tank Destroyer
Wirbelwind Flakpanzer
Selects Rapid Production
Selects Blitzkrieg
Jäger Squad
Jäger Squad
Holyluya
blackbirddayo
[PCI] Budha
ConcernedApe
Barka
以正合,以奇胜
0
0
Comments
sign in to comment!
No comments posted yet!